 Dungeon Crawl Stone Soup version 0.22.1-2-g9c5b331383 (webtiles) character file.

18 Pytinka the Digger (level 2, 0/15 HPs)
             Began as a Gargoyle Earth Elementalist on Dec 31, 2018.
             Slain by a necrophage (4 damage)
             ... on level 1 of the Dungeon.
             The game lasted 00:02:50 (881 turns).

Pytinka the Digger (Gargoyle Earth Elementalist)     Turns: 881, Time: 00:02:51

Health: 0/15       AC:  4    Str: 11    XL:     2   Next: 70%
Magic:  0/5        EV: 12    Int: 15    God:
Gold:   40         SH:  0    Dex: 10    Spells: 4/5 levels left

rFire    . . .     SeeInvis .   (no weapon)
rCold    . . .     Gourm    .   (no shield)
rNeg     + . .     Faith    .   c - +0 robe
rPois    ∞         Spirit   .   (no helmet)
rElec    +         Reflect  .   (no cloak)
rCorr    .         Harm     .   (no gloves)
MR       .....                  (no boots)
Stlth    ++........             (no amulet)
HPRegen  0.05/turn              (no ring)
MPRegen  0.09/turn              (no ring)

@: no status effects
A: negative energy resistance 1, electricity resistance, unbreathing,
petrification resistance, rot immunity, AC +2
a: no special abilities


You were on level 1 of the Dungeon.
You were not hungry.

You visited 1 branch of the dungeon, and saw 2 of its levels.

You collected 40 gold pieces.

Inventory:

Missiles
 b - 36 stones (quivered)
Armour
 c - a +0 robe (worn)
Jewellery
 a - an uncursed amulet of the acrobat {unknown}
 m - a +6 ring of strength {unknown}
Scrolls
 e - a scroll of identify {unknown}
 h - a scroll of blinking {unknown}
 i - a scroll of noise {unknown}
 j - a scroll of fear {unknown}
 k - a scroll of remove curse {unknown}
 o - a scroll of enchant armour {unknown}
Potions
 g - a potion of heal wounds {unknown}
 l - a potion of curing {unknown}
 n - a potion of berserk rage {unknown}
Comestibles
 d - 2 rations


   Skills:
 + Level 2.0 Dodging
 + Level 2.3 Stealth
 - Level 0.1 Unarmed Combat
 * Level 2.3 Spellcasting
   Level 0.7 Transmutations
 + Level 3.9 Earth Magic


You had 4 spell levels left.
You knew the following spells:

 Your Spells              Type           Power        Failure   Level  Hunger
a - Sandblast             Erth           ##....       4%          1    #......

Your spell library contained the following spells:

 Spells                   Type           Power        Failure   Level  Hunger
 Passwall                 Tmut/Erth      #.......     13%         2    ###....
 Stone Arrow              Conj/Erth      #.....       28%         3    ###....
 Petrify                  Tmut/Erth      #.......     63%         4    #####..
 Lee's Rapid Deconstruct  Erth           ##........   75%         5    ######.


Dungeon Overview and Level Annotations

Branches:
Dungeon (2/15)

Altars:


Innate Abilities, Weirdness & Mutations

You are resistant to torment.
Your stone body is resilient. (AC +2)
You are immune to poison.
You resist negative energy. (rN+)
You are resistant to electric shocks. (rElec)
You can survive without breathing.
You are immune to petrification.
You are immune to rotting.


Message History

* * * LOW HITPOINT WARNING * * *
Casting: Sandblast (safe; 4% risk of failure)
Confirm with . or Enter, or press ? or * to list all spells.
Aiming: Sandblast (safe; 4% risk of failure)
Press: ? - help, Shift-Dir - straight line, f/p - necrophage
Aim: a necrophage (heavily damaged)
The blast of sand hits the necrophage.
The necrophage is severely damaged.
b - 37 stones The necrophage misses you.
Casting: Sandblast (safe; 4% risk of failure)
Confirm with . or Enter, or press ? or * to list all spells.
Aiming: Sandblast (safe; 4% risk of failure)
Press: ? - help, Shift-Dir - straight line, f/p - necrophage
Aim: a necrophage (severely damaged)
The blast of sand hits the necrophage.
The necrophage is severely damaged.
b - 36 stones The necrophage hits you.
You die...

##.....♣♣♣♣♣♣...♣ ###.....♣♣
♣♣♣.. ####### ##..(..♣♣ ♣♣♣
#.....# ##.....♣♣ #.....#
##.....♣ ###.....# #....♣♣♣
........# #.##...♣♣♣♣ ###.....#
############.........♣ #......#
##..Sn@...>[....##.....
##......###..###############.##..
#..######...## ##..###. #.##
##.### #..## ## #.# ###..# ##.##
# #.# #...################..# #.#
#.#..................###
..####.#..###############...####
.......##...###########........#


You could see a necrophage and an adder.

Vanquished Creatures
  2 orcs
  A goblin (D:1)
  A hobgoblin (D:1)
  3 jackals (D:1)
  A quokka (D:2)
  2 bats (D:1)
  A kobold (D:1)
  5 rats (D:1)
16 creatures vanquished.

Notes
Turn   | Place    | Note
-------+----------+-------------------------------------------
     0 | D:1      | Pytinka the Gargoyle Earth Elementalist began the quest for
                  | the Orb.
     0 | D:1      | Reached XP level 1. HP: 10/10 MP: 3/3
   299 | D:1      | Reached XP level 2. HP: 15/15 MP: 3/5
   681 | D:2      | Noticed a necrophage
   881 | D:1      | Slain by a necrophage

Skill      XL: |  1  2 |
---------------+-------+-----
Dodging        | 2 |  2.0
Stealth        | |  2.3
Unarmed Combat | |  0.1
Spellcasting   | |  2.3
Transmutations | |  0.7
Earth Magic    | |  3.9

Action                   || total
-------------------------++-------
Melee: Unarmed           ||    27
 Cast: Sandblast         ||    28
 Stab: Sleeping          ||     2
Armor: Robe              ||    18
Dodge: Dodged            ||    36
